 Dungeon Crawl Stone Soup version 0.24-a0-615-g751f86b5a9 (webtiles) character file.

Game seed: 1513896612068171816, levelgen mode: deterministic

2058 Gynju the Spear-Bearer (level 9, -11/50 HPs)
             Began as a Tengu Fighter on Sept 13, 2019.
             Was an Initiate of Ashenzari.
             Mangled by an orc warrior
             ... wielding a +3 dire flail of protection
              (13 damage)
             ... on level 7 of the Dungeon.
             The game lasted 00:09:22 (6593 turns).

Gynju the Spear-Bearer (Tengu Fighter)              Turns: 6593, Time: 00:09:22

Health: -11/50     AC: 11    Str: 20    XL:     9   Next: 25%
Magic:  10/10      EV:  6    Int:  9    God:    Ashenzari [......]
Gold:   512        SH:  0    Dex: 13    Spells: 8/8 levels left

rFire    . . .     SeeInvis .   d - +1 halberd
rCold    . . .     Gourm    .   (shield currently unavailable)
rNeg     . . .     Faith    .   g - +0 plate armour
rPois    .         Spirit   .   (helmet restricted)
rElec    .         Reflect  .   (no cloak)
rCorr    .         Harm     .   (no gloves)
MR       .....                  (boots unavailable)
Stlth    ..........             (no amulet)
HPRegen  0.16/turn              w - ring of stealth
MPRegen  0.12/turn              (no ring)

@: flying quickly and evasively, quick
A: beak, talons 3, able to fly
a: Stop Flying, Curse Item, Renounce Religion


You were on level 7 of the Dungeon.
You worshipped Ashenzari.
Ashenzari was noncommittal.
You were hungry.

You visited 2 branches of the dungeon, and saw 8 of its levels.

You collected 512 gold pieces.

Inventory:

Hand Weapons
 d - a +1 halberd (weapon)
Armour
 g - a +0 plate armour (worn)
Jewellery
 j - an uncursed ring of wizardry
 l - an uncursed ring of fire
 w - a ring of stealth (left hand)
Scrolls
 b - a scroll of identify {@r1}
 c - 2 scrolls of immolation {unknown}
 e - 2 scrolls of remove curse {@r2}
 m - 2 scrolls of enchant armour
 o - a scroll of acquirement {unknown}
 p - a scroll of magic mapping {unknown}
Potions
 a - a potion of brilliance
 h - a potion of cancellation
 i - 2 potions of curing {@q1}
 n - a potion of mutation
 q - a potion of haste
 r - a potion of agility
 s - 2 potions of berserk rage
Comestibles
 f - 8 rations


   Skills:
 - Level 3.0 Fighting
 + Level 12.7 Polearms
 - Level 3.2 Armour
   Level 3.0 Shields


You had 8 spell levels left.
You didn't know any spells.
Your spell library was empty.

Dungeon Overview and Level Annotations

Branches:
Dungeon (7/15)             Temple (1/1) D:7

Altars:
Ashenzari
Cheibriados
Dithmenos
Elyvilon
Fedhas
Gozag
Hepliaklqana
Kikubaaqudgha
Makhleb
Nemelex Xobeh
Okawaru
Qazlal
Ru
Sif Muna
Trog
Uskayaw
Vehumet
Wu Jian
Xom
Yredelemnul
Zin


Innate Abilities, Weirdness & Mutations

You have a beak for a mouth.
You have claws for feet.
You can fly continuously.


Message History

The orc warrior hits you with a +3 dire flail of protection!!
* * * LOW HITPOINT WARNING * * *
You puncture the orc warrior! You claw the orc warrior.
The orc warrior is heavily wounded.
The orc warrior hits you with a +3 dire flail of protection.
* * * LOW HITPOINT WARNING * * *
Your plate armour prevents you from hitting the orc warrior.
Your peck misses the orc warrior.
The orc warrior is heavily wounded.
You barely miss the orc warrior.
You claw the orc warrior, but do no damage.
You peck the orc warrior, but do no damage.
The orc warrior is heavily wounded.
The orc warrior hits you but does no damage.
You closely miss the orc warrior.
You claw the orc warrior, but do no damage.
You peck the orc warrior.
The orc warrior is severely wounded.
The orc warrior hits you with a +3 dire flail of protection!
You die...

######## #......#
#### ###.####.#
#...
#........######.##
#.#.##.>.....##.#
#.#.##...###.##.##
#@#......# #.#...#
#o#...>..#
#..รท..#
#.##.##.######...#
#..>....# #.){..##
#.##.##.# #..o).#
#.##.##.###.....#
#.##.....##.....#
#.#####..##.....#
#......o.####.####


You could see an orc warrior.

Vanquished Creatures
  Prince Ribbit (D:5)
  Sigmund (D:2)
  A phantom (D:7)
  3 black bears (D:6)
  An ogre (D:6)
  2 bullfrogs (D:6)
  3 scorpions
  3 howler monkeys (D:7)
  A crimson imp (D:4)
  A centaur zombie (D:6)
  A hound (D:4)
  A jelly (D:6)
  2 orc priests
  6 orc wizards
  Jessica (D:1)
  2 iguanas
  Natasha (D:2)
  4 worker ants
  A hound zombie (D:5)
  Robin (D:3)
  11 gnolls
  7 adders
  An ooze (D:2)
  An adder zombie (D:6)
  2 adder skeletons
  2 worms
  2 dart slugs (D:2)
  5 leopard geckos
  13 orcs
  5 giant cockroaches
  14 goblins
  11 hobgoblins
  8 jackals
  7 kobolds
  2 quokkas (D:3)
  7 bats
  9 frilled lizards
  A jackal zombie (D:5)
  2 leopard gecko skeletons
  A leopard gecko zombie (D:5)
  3 rats
151 creatures vanquished.

Notes
Turn   | Place    | Note
-------+----------+-------------------------------------------
     0 | D:1      | Gynju the Tengu Fighter began the quest for the Orb.
     0 | D:1      | Reached XP level 1. HP: 14/14 MP: 2/2
    89 | D:1      | Reached XP level 2. HP: 19/19 MP: 3/3
   152 | D:1      | Reached skill level 3 in Polearms
   606 | D:1      | Reached XP level 3. HP: 23/23 MP: 4/4
   817 | D:2      | Noticed Jessica
   828 | D:1      | Killed Jessica
   828 | D:1      | Reached skill level 4 in Polearms
   945 | D:2      | Reached XP level 4. HP: 25/28 MP: 5/5
   984 | D:2      | Noticed Sigmund
   999 | D:2      | Killed Sigmund
   999 | D:2      | Reached skill level 6 in Polearms
   999 | D:2      | Gained mutation: You can fly continuously. [Tengu growth]
   999 | D:2      | Reached XP level 5. HP: 30/32 MP: 6/6
  1020 | D:2      | Reached XP level 6. HP: 26/37 MP: 4/7
  1257 | D:2      | Noticed Natasha
  1264 | D:2      | Killed Natasha
  1264 | D:2      | Reached skill level 7 in Polearms
  1845 | D:3      | Noticed Robin
  2236 | D:3      | Killed Robin
  2400 | D:3      | Found a blossoming altar of Fedhas.
  2439 | D:3      | Found an ornate altar of the Wu Jian Council.
  2861 | D:4      | Reached skill level 8 in Polearms
  2861 | D:4      | Reached XP level 7. HP: 33/41 MP: 8/8
  3397 | D:5      | Entered Level 5 of the Dungeon
  3507 | D:5      | Reached skill level 9 in Polearms
  3686 | D:5      | Noticed Prince Ribbit
  3696 | D:5      | Killed Prince Ribbit
  3954 | D:5      | Reached XP level 8. HP: 46/46 MP: 9/9
  3959 | D:5      | Reached skill level 10 in Polearms
  4710 | D:6      | Found a white marble altar of Elyvilon.
  4729 | D:6      | HP: 1/46 [orc priest/+0 hand axe (2)]
  4874 | D:6      | Reached skill level 11 in Polearms
  5021 | D:6      | Found a bloodstained altar of Trog.
  5542 | D:7      | Reached skill level 12 in Polearms
  5545 | D:7      | Reached XP level 9. HP: 46/50 MP: 10/10
  5769 | D:7      | Found a staircase to the Ecumenical Temple.
  5799 | Temple   | Entered the Ecumenical Temple
  6015 | Temple   | Became a worshipper of Ashenzari the Shackled
  6590 | D:7      | HP: 1/50 [orc warrior/+3 dire flail of protection (4)]
  6593 | D:7      | Mangled by an orc warrior

Levels and vault maps discovered:
D:1:      lightli_arrival_statuegarden, layout_loops_ring, patterned_corridor
D:2:      layout_basic, uniq_sigmund, uniq_natasha, uniq_jessica
D:3:      layout_rooms, fedhas_altar_1, nicolae_overflow_hidden_temple,
          first_ration, minmay_bisected, uniq_robin
D:4:      layout_loops_ring
D:5:      layout_basic, uniq_prince_ribbit1
D:6:      layout_loops_cross, trog_ov_bears_minmay, basic_altar
D:7:      layout_loops_cross, tso_altar, minmay_temple_entry_glassed_door,
          uniq_duvessa
Temple:   eino_narrow_crystal_temple

Skill      XL: |  1  2  3  4  5  6  7  8 |
---------------+-------------------------+-----
Polearms       | 3 4 6 8 9 12 | 12.7
Fighting       | |  3.0
Armour         | |  3.2
Shields        | |  3.0

Action                   |  1- 3 |  4- 6 |  7- 9 || total
-------------------------+-------+-------+-------++-------
Melee: Trident           |    80 |    16 |       ||    96
       Peck              |     7 |    12 |    46 ||    65
       Kick              |     9 |    29 |    49 ||    87
       Halberd           |       |   125 |   225 ||   350
 Abil: Fly               |       |     1 |       ||     1
  Use: Potion            |       |     3 |     3 ||     6
       Scroll            |       |       |    15 ||    15
  Eat: Chunk             |       |     6 |    11 ||    17
Armor: Scale mail        |    30 |    33 |       ||    63
       Chain mail        |       |     7 |    66 ||    73
       Plate armour      |       |       |    32 ||    32
Dodge: Dodged            |    17 |    57 |    70 ||   144
Block: Shield            |    25 |       |       ||    25

Table legend:
 A = Non-vault XP
 B = Vault XP
 C = Vault XP percentage of total XP
 D = Non-vault monster count
 E = Vault monster count
 F = Vault count percentage of total count
                 A         B        C        D         E       F
            +---------+---------+-------+---------+---------+-------
      Total |    2089 |     851 |  28.9 |     130 |      21 |  13.9
            +---------+---------+-------+---------+---------+-------
        D:1 |      40 |      37 |  48.1 |      23 |       1 |   4.2
        D:2 |     105 |     276 |  72.4 |      22 |      11 |  33.3
        D:3 |      21 |      25 |  54.3 |      12 |       6 |  33.3
        D:4 |     197 |       0 |   0.0 |      10 |       0 |   0.0
        D:5 |     452 |     264 |  36.9 |      22 |       1 |   4.3
        D:6 |     777 |     249 |  24.3 |      23 |       2 |   8.0
        D:7 |     497 |       0 |   0.0 |      18 |       0 |   0.0
            +---------+---------+-------+---------+---------+-------
